 Dungeon Crawl Stone Soup version 0.23-a0-655-g3751e1c (console) character file.

36 Duffy the Firebug (level 3, 19/24 HPs)
             Began as a Demonspawn Fire Elementalist on Jan 7, 2019.
             Quit the game on level 2 of the Dungeon.
             The game lasted 00:00:59 (1434 turns).

Duffy the Firebug (Demonspawn Fire Elementalist)    Turns: 1434, Time: 00:01:00

Health: 19/24      AC:  2    Str:  8    XL:     3   Next: 19%
Magic:  2/6        EV: 12    Int: 17    God:
Gold:   31         SH:  4    Dex: 13    Spells: 6/7 levels left

rFire    + . .     SeeInvis .   (no weapon)
rCold    x . .     Gourm    .   (no shield)
rNeg     . . .     Faith    .   a - +0 robe
rPois    .         Spirit   .   (no helmet)
rElec    .         Reflect  .   (no cloak)
rCorr    .         Harm     .   (no gloves)
MR       .....                  (no boots)
Stlth    ++........             (no amulet)
HPRegen  0.08/turn              b - ring of fire
MPRegen  0.10/turn              (no ring)

@: mildly poisoned (19 -> 17)
A: large bone plates 1, demonic guardian 1
a: no special abilities


You were on level 2 of the Dungeon.
You were very hungry.

You visited 1 branch of the dungeon, and saw 2 of its levels.

You collected 31 gold pieces.

Inventory:

Armour
 a - a +0 robe (worn)
Jewellery
 b - a ring of fire (left hand)
Scrolls
 d - a scroll of remove curse {unknown}
Potions
 e - a potion of lignification {unknown}
 f - a potion of curing {unknown}
Comestibles
 c - 3 rations


   Skills:
 - Level 1.7 Dodging
 - Level 1.7 Stealth
 + Level 2.5 Spellcasting
 + Level 1.9 Conjurations
 + Level 3.1 Fire Magic


You had 6 spell levels left.
You knew the following spells:

 Your Spells              Type           Power        Failure   Level  Hunger
h - Flame Tongue          Conj/Fire      ###..        6%          1    #......

Your spell library contained the following spells:

 Spells                   Type           Power        Failure   Level  Hunger
 Throw Flame              Conj/Fire      ###...       10%         2    ##.....
 Conjure Flame            Conj/Fire      ###.....     19%         3    ###....
 Inner Flame              Hex/Fire       ##......     28%         3    ###....
 Sticky Flame             Conj/Fire      ###.....     54%         4    #####..
 Fireball                 Conj/Fire      ###.......   87%         5    ######.


Dungeon Overview and Level Annotations

Branches:
Dungeon (2/15)

Altars:


Innate Abilities, Weirdness & Mutations

You are partially covered in large bone plates. (SH +4)
A weak demonic guardian rushes to your aid.


Message History

Aim: an adder (heavily wounded)
You feel a surge of power!
The flame tongue hits the adder.
The adder is severely wounded.
The adder bites you.
You are poisoned.
The adder poisons you!
Casting: Flame Tongue (safe; 8% risk of failure)
Confirm with . or Enter, or press ? or * to list all spells.
Aiming: Flame Tongue (safe; 8% risk of failure)
Press: ? - help, Shift-Dir - straight line, f/p - adder
Aim: an adder (severely wounded)
You feel a surge of power!
The flame tongue hits the adder.
You kill the adder!
You have reached level 3!
Your experience leads to an increase in your attributes!
Increase (S)trength, (I)ntelligence, or (D)exterity?
You feel clever.
Your demonic ancestry asserts itself...
You feel the presence of a demonic guardian.
You feel sick.
Are you sure you want to abandon this character and quit the game? (Confirm

##. ...... #
#..#.# .#
#..#.##..#
#..#..#..###
#........... #
##...#.#...#
#.##.#....@.....#
#......<....#.###
.###.#.[...##
##.......#
###...### #...#
#...# #...# #...#


There were no monsters in sight!

Vanquished Creatures
  An adder (D:2)
  A dart slug (D:1)
  A leopard gecko (D:1)
  4 goblins (D:1)
  4 hobgoblins (D:1)
  4 jackals (D:1)
  2 bats (D:1)
  3 frilled lizards (D:1)
  A kobold (D:1)
  3 rats (D:1)
  A toadstool (D:1)
25 creatures vanquished.

Vanquished Creatures (others)
  3 toadstools (D:1)
3 creatures vanquished.

Grand Total: 28 creatures vanquished

Notes
Turn   | Place    | Note
-------+----------+-------------------------------------------
     0 | D:1      | Duffy the Demonspawn Fire Elementalist began the quest for
                  | the Orb.
     0 | D:1      | Reached XP level 1. HP: 13/13 MP: 3/3
   246 | D:1      | Gained mutation: You are partially covered in large bone
                  | plates. (SH +4) [demonic ancestry]
   246 | D:1      | Reached XP level 2. HP: 19/19 MP: 3/5
   571 | D:1      | Reached skill level 3 in Fire Magic
  1433 | D:2      | Gained mutation: A weak demonic guardian rushes to your
                  | aid. [demonic ancestry]
  1433 | D:2      | Reached XP level 3. HP: 20/24 MP: 2/6
  1434 | D:2      | Quit the game

Vault maps used:
D:1:      ldierk_water_garden, minmay_misc_feat_ornament, kennysheep_boxes
D:2:      cheibrodos_old_hovel, grunt_qazlal_clouds

Skill      XL: |  1  2 |
---------------+-------+-----
Fire Magic     | 3 |  3.1
Dodging        | |  1.7
Stealth        | |  1.7
Spellcasting   | |  2.5
Conjurations   | |  1.9

Action                   || total
-------------------------++-------
Melee: Unarmed           ||    46
 Cast: Flame Tongue      ||    39
  Eat: Chunk             ||     1
Armor: Robe              ||     6
Dodge: Dodged            ||    34
Block: Other             ||     5

Table legend:
 A = Non-vault XP
 B = Vault XP
 C = Vault XP percentage of total XP
 D = Non-vault monster count
 E = Vault monster count
 F = Vault count percentage of total count
                 A         B        C        D         E       F
            +---------+---------+-------+---------+---------+-------
      Total |      52 |       0 |   0.0 |      24 |       0 |   0.0
            +---------+---------+-------+---------+---------+-------
        D:1 |      39 |       0 |   0.0 |      23 |       0 |   0.0
        D:2 |      13 |       0 |   0.0 |       1 |       0 |   0.0
            +---------+---------+-------+---------+---------+-------
